 Dungeon Crawl Stone Soup version 0.29.1-15-g9cfb28693d (webtiles) character file.

Game seed: 4167717867365898003

240 javelincjr the Ducker (level 6, -2/40 HPs)
             Began as a Djinni Conjurer on Mar 22, 2023.
             Was an Initiate of Yredelemnul.
             Slain by an orc
             ... wielding a +0 club
              (5 damage)
             ... on level 3 of the Dungeon.
             The game lasted 00:12:16 (5002 turns).

javelincjr the Ducker (Djinni Conjurer)             Turns: 5002, Time: 00:12:16

Health: -2/40      AC:  2    Str:  8    XL:     6   Next: 29%
Gold:   154        EV: 13    Int: 19    God:    Yredelemnul [......] SH:  0 Dex: 12

rFire   + + .      SeeInvis .   o - +2 dagger (venom)
rCold   x . .      Faith    .   (no shield)
rNeg    . . .      Spirit   .   a - +0 robe
rPois   ∞          Reflect  .   (no helmet)
rElec   .          Harm     .   (no cloak)
rCorr   .          Rampage  .   (no gloves)
Will    .....                   (boots unavailable)
Stlth   ++........              (no amulet)
HPRegen 0.13/turn               (no ring)
MPRegen 0.00/turn               (no ring)

@: flying
A: sickness immunity, fire resistance 2, cold vulnerability 1, float, innate
caster, HP casting, extra vitality 1
a: Renounce Religion, Recall Undead Harvest


You were on level 3 of the Dungeon.
You worshipped Yredelemnul.
Yredelemnul was noncommittal.
You visited 1 branch of the dungeon, and saw 4 of its levels.

You collected 154 gold pieces.

Inventory:

Hand Weapons
 o - a +2 dagger of venom (weapon)
Missiles
 m - 3 curare-tipped darts
Armour
 a - a +0 robe (worn)
Magical Staves
 c - a staff of death
Scrolls
 e - a scroll of noise {unknown}
 f - a scroll of fog {unknown}
 g - 3 scrolls of magic mapping {unknown}
 h - 2 scrolls of identify {unknown}
 j - a scroll of teleportation {unknown}
 s - a scroll of amnesia {unknown}
 t - a scroll of enchant weapon {unknown}
Potions
 b - 2 potions of cancellation {unknown}
 d - a potion of curing {unknown}
 i - 2 potions of brilliance {unknown}
 k - 2 potions of ambrosia {unknown}
 l - a potion of attraction {unknown}
 n - 2 potions of mutation {unknown}
 p - a potion of berserk rage {unknown}
 q - a potion of haste {unknown}
 r - a potion of magic {unknown}


   Skills:
 + Level 4.2 Dodging
 + Level 3.4 Stealth
 + Level 4.1 Spellcasting


You couldn't memorise any spells.
You knew the following spells:

 Your Spells              Type           Power      Damage    Failure   Level
a - Magic Dart            Conj           76%        1d6       2%          1
b - Searing Ray           Conj           38%        2d5       3%          2
c - Dazzling Flash        Conj/Hex       38%        N/A       8%          3
d - Fulminant Prism       Conj/Hex       9%         3d7       24%         4
e - Iskenderun's Mystic   Conj/Tloc      19%        2d6       24%         4
f - Necrotise             Necr           76%        1d7       2%          1
g - Ensorcelled Hibernat  Hex/Ice        38%        N/A       3%          2
Your spell library was empty.

Dungeon Overview and Level Annotations

Branches:
Dungeon (4/15)             Temple (0/1) D:4

Altars:
Yredelemnul

Shops:
D:1 (

Annotations:
D:4 Natasha


Innate Abilities, Weirdness & Mutations

You are immune to sickness and miasma.
You are immune to poison.
Your flesh is very heat resistant. (rF++)
You are vulnerable to cold. (rC-)
You float through the air rather than walking.
You learn spells naturally, not from books.
Your magical power is your life essence.
You have superior vitality. (+4 MHP)


Message History

Natasha casts a spell.
The orc priest looks encouraged for a moment.
Natasha casts a spell at you. The magic dart hits you!
* * * LOW HITPOINT WARNING * * *
Casting: Magic Dart (safe; 2% risk of failure)
Confirm with . or Enter, or press ? or * to list all spells.
Aiming: Searing Ray (safe; 3% risk of failure)
Press: ? - help, Shift-Dir - straight line, f - orc
Aim: an orc, wielding a +0 hand axe (78% to hit)
The searing ray hits the crimson imp.
The crimson imp is heavily wounded.
The searing ray hits Natasha.
Natasha is moderately wounded.
The searing ray misses the orc. (Press . to maintain the ray.)
* * * LOW HITPOINT WARNING * * *
Natasha zaps a wand.
Some rock shatters into small pieces.
The orc priest looks encouraged for a moment.
Nothing appears to have answered your call.
The crimson imp blinks!
Natasha casts a spell.
The orc hits you with a +0 club.
* * * LOW HITPOINT WARNING * * *
You hear the brisk rusting of a very distant drain.
You hear a zap.
Some rock shatters into small pieces.
There is a stone staircase leading up here.
The orc barely misses you.
The crimson imp shouts, "Escape, thou erky earth-vexing baggage!"
The orc closely misses you. x2
You fly upwards.
Reactivating autopickup.
There is a stone staircase leading down here.
You hit the orc.
The orc is moderately wounded.
The orc closely misses you. The orc barely misses you.
The orc hits you with a +0 club.
You die...
Your body rises from the dead as a mindless zombie.

#.##.##.#.# #...#.
#.##.#....# #.##..
#.##.#.#..# #.###.
#.##.#.Z..#############.##..
#Z##.#.##.#..........##.###.
#.##.#.##[#.....####.##.....
#.##.#.##.#.........Z.....#.
#.........oo....####.#####..
####......#@o...# #.# ##.
###.######.### #.# #.. #.#
##.## #.# ##) #.# ##.#.##
#.# #<. #.# ##.###.## #.#
##. #.###.## ##.###.## #..
#....## ##.#...## ##.
#####.## ##Z#..#Z.###..
##.###.##.###Z^..#.


You could see 3 orcs.

Vanquished Creatures
  Natasha (D:4)
  2 adders
  4 gnolls (D:3)
  2 worms (D:3)
  3 dart slugs (D:1)
  3 orcs (D:3)
  5 bats
  2 endoplasms
  A giant cockroach (D:1)
  5 hobgoblins
  6 jackals (D:3)
  8 kobolds
  4 quokkas
  2 ball pythons (D:1)
  3 frilled lizards (D:1)
  5 goblins
  9 rats
65 creatures vanquished.

Vanquished Creatures (collateral kills)
  A bullfrog (D:3)
  A dart slug (D:3)
  2 orcs (D:3)
  3 endoplasms
  A goblin (D:2)
8 creatures vanquished.

Vanquished Creatures (others)
  3 gnoll zombies (D:3)
  A goblin zombie (D:3)
  2 jackal zombies (D:3)
  A kobold zombie (D:3)
  An orc zombie (D:3)
  A quokka zombie (D:4)
  6 plants (D:1)
15 creatures vanquished.

Grand Total: 88 creatures vanquished

Notes
Turn   | Place    | Note
-------+----------+-------------------------------------------
     0 | D:1      | javelincjr the Djinni Conjurer began the quest for the Orb.
     0 | D:1      | javelincjr set off with the following spells memorised:
                  | Magic Dart, Searing Ray, Dazzling Flash, Fulminant Prism,
                  | Iskenderun's Mystic Blast.
     0 | D:1      | Reached XP level 1. HP: 15/15 MP: 0/0
   383 | D:1      | Reached XP level 2. HP: 19/21 MP: 0/0
   603 | D:1      | Found Ikyqin's Antique Weapon Emporium.
   966 | D:1      | Reached XP level 3. HP: 19/25 MP: 0/0
   966 | D:1      | Learned a level 1 spell: Necrotise
  2181 | D:2      | Found a faded altar of an unknown god.
  2224 | D:2      | Prayed at the altar of an unknown god.
  2224 | D:2      | Became a worshipper of Yredelemnul the Dark
  2224 | D:2      | Reached * piety under Yredelemnul
  2718 | D:3      | Reached XP level 4. HP: 13/31 MP: 0/0
  3311 | D:3      | Reached XP level 5. HP: 19/35 MP: 0/0
  3311 | D:3      | Learned a level 2 spell: Ensorcelled Hibernation
  3855 | D:3      | Noticed a bullfrog
  3869 | D:3      | Killed a bullfrog
  4257 | D:3      | Reached XP level 6. HP: 33/40 MP: 0/0
  4526 | D:3      | Reached ** piety under Yredelemnul
  4641 | D:4      | Found a staircase to the Ecumenical Temple.
  4827 | D:4      | Noticed Natasha
  4839 | D:4      | Killed Natasha
  4979 | D:4      | Noticed Natasha
  4994 | D:4      | HP: 2/40 [orc/+0 club (4)]
  5002 | D:3      | Slain by an orc

Illustrated notes

Levels and vault maps discovered:
D:1:      roderic_chinese_lattice_arrival, layout_loops_corners, serial_shops,
          nicolae_shop_overgrown_old_shop
D:2:      layout_loops_corners, ebering_ecumenical_altar_webs,
          hangedman_glass_teeth, kennysheep_generic_room_16
D:3:      layout_loops_ring, roderic_roman_lattice, st_stairs_13
D:4:      layout_basic, minmay_temple_entry_wispy, portal_sewer_entry_e,
          uniq_natasha

Skill      XL: |  1  2  3  4  5 |
---------------+----------------+-----
Stealth        | 2 3 |  3.4
Dodging        | 3 4 |  4.2
Spellcasting   | 4 |  4.1

Action                   |  1- 3 |  4- 6 || total
-------------------------+-------+-------++-------
Melee: Staff             |    14 |    11 ||    25
       Punch             |     1 |       ||     1
       Dagger            |       |    64 ||    64
 Cast: Magic Dart        |    70 |    20 ||    90
       Searing Ray       |       |     6 ||     6
Invok: Recall Undead Har |       |     1 ||     1
 Stab: Sleeping          |     1 |     2 ||     3
       Distracted        |       |     1 ||     1
Armor: Robe              |     4 |     9 ||    13
Dodge: Dodged            |    15 |    76 ||    91
